 Dungeon Crawl Stone Soup version 0.28.0-53-g5a82cb258f (webtiles) character file.

Game seed: 17985243588226307810

14298 cbfl8 the Severer (level 11, -3/101 HPs)
             Began as a Minotaur Berserker on Sept 8, 2022.
             Was an Elder of Trog.
             Slain by a large slime creature (14 damage)
             ... on level 12 of the Dungeon.
             The game lasted 00:17:19 (17585 turns).

cbfl8 the Severer (Minotaur Berserker)             Turns: 17585, Time: 00:17:20

Health: -3/101     AC: 19    Str: 22    XL:     11   Next: 86%
Magic:  10/10      EV: 10    Int: 11    God:    Trog [****..]
Gold:   564        SH:  5    Dex: 14    Spells: 10/10 levels left

rFire   . . .      SeeInvis .   x - +0 battleaxe
rCold   . . .      Faith    .   (shield currently unavailable)
rNeg    . . .      Spirit   .   v - +0 plate armour
rPois   +          Reflect  +   (helmet restricted)
rElec   .          Harm     .   M - +2 cloak
rCorr   .          Rampage  +   t - +0 pair of gloves
Will    .....                   p - +0 pair of boots {rampage}
Stlth   ..........              H - amulet of reflection
HPRegen 0.26/turn               N - ring of Accord {Wiz rPois Int+7}
MPRegen 0.12/turn               Q - +4 ring of slaying

@: on berserk cooldown, slowed, studying Slings, very slow
A: horns 2, retaliatory headbutt
a: Renounce Religion, Berserk, Trog's Hand, Brothers in Arms


You were on level 12 of the Dungeon.
You worshipped Trog.
Trog was greatly pleased with you.
You visited 1 branch of the dungeon, and saw 13 of its levels.
You also visited: Bailey.

You collected 725 gold pieces.
You spent 161 gold pieces at shops.

Inventory:

Hand Weapons
 x - a +0 battleaxe (weapon)
Armour
 p - a +0 pair of boots of rampaging (worn)
 t - a +0 pair of gloves (worn)
 v - a +0 plate armour (worn)
 M - a +2 cloak (worn)
Jewellery
 c - a ring of ice
 l - a ring of protection from fire
 u - a +4 ring of protection
 B - a ring of ice
 H - an amulet of reflection (around neck)
 N - the ring of Accord (left hand) {Wiz rPois Int+7}
   (You found it on level 9 of the Dungeon)

   [ring of wizardry]

   It improves your spell success rate.
   Int:       It affects your intelligence (+7).
   rPois:     It protects you from poison.
 Q - a +4 ring of slaying (right hand)
Wands
 j - a wand of polymorph (1)
 A - a wand of flame (29)
 D - a wand of paralysis (17)
 L - a wand of acid (4)
Scrolls
 b - a scroll of summoning
 e - a scroll of holy word
 f - a scroll of torment {unknown}
 k - a scroll of immolation
 n - a scroll of magic mapping {unknown}
 o - 3 scrolls of brand weapon {unknown}
 q - a scroll of blinking {unknown}
 w - a scroll of enchant weapon
 F - 2 scrolls of fog {unknown}
 I - 2 scrolls of teleportation {unknown}
Potions
 a - 5 potions of flight
 d - 3 potions of resistance {unknown}
 g - 3 potions of mutation {unknown}
 h - 3 potions of might {unknown}
 i - 3 potions of haste {unknown}
 m - 2 potions of degeneration {unknown}
 r - 2 potions of curing {unknown}
 s - 3 potions of heal wounds {unknown}
 C - a potion of attraction {unknown}
 E - a potion of lignification {unknown}
 G - 2 potions of berserk rage {unknown}
 K - a potion of magic {unknown}
 P - a potion of ambrosia {unknown}
 R - a potion of brilliance {unknown}
Miscellaneous
 y - a tin of tremorstones (2/2)
 z - a lightning rod (2/4) (quivered)
 O - a tin of tremorstones (2/2)


   Skills:
 * Level 10.6 Fighting
 * Level 15.2 Axes
 + Level 8.2 Armour
 * Level 8.4 Dodging
 + Level 1.0 Stealth
 + Level 2.0 Shields
 * Level 6.2 Evocations


You had 10 spell levels left.
You didn't know any spells.
Your spell library was empty.

Dungeon Overview and Level Annotations

Branches:
Dungeon (13/15)            Temple (0/1) D:7            Lair (0/6) D:9
    Orc (0/2) D:10         Bailey (visited)
 Vaults: D:13-14

Altars:
Ashenzari
Fedhas
Okawaru
Qazlal
Ru
Sif Muna
Trog
Uskayaw
Vehumet
Wu Jian
Zin
The Shining One
Beogh

Shops:
D:11 [

Annotations:
D:5 2 transporters
D:11 2 transporters, Renzlar's ghost, novice GnFi


Innate Abilities, Weirdness & Mutations

You have a pair of horns on your head.
You reflexively headbutt those who attack you in melee.


Message History

The very large slime creature hits you.
* * * LOW HITPOINT WARNING * * *
You feel a strong urge to attack something.
The meliai simulacrum hits you but does no damage.
You block the meliai simulacrum's attack.
The meliai simulacrum hits you but does no damage. x2
You are no longer berserk.
You are exhausted.
You feel yourself slow down.
Okay, then.
Okay, then.
Aiming: Thunderbolt
Press: ? - help, Q - select action, (/) - cycle Shift-Dir - straight line, f - very large slime creature
Aim: a very large slime creature (heavily wounded)
The thunderbolt hits the very large slime creature!
The very large slime creature is heavily wounded.
You hear an angry growl.
The meliai simulacrum hits you.
* * * LOW HITPOINT WARNING * * *
The meliai simulacrum freezes you!!
* * * LOW HITPOINT WARNING * * *
The meliai simulacrum hits you but does no damage.
The meliai simulacrum barely misses you.
You furiously retaliate!
You headbutt the meliai simulacrum!
The meliai simulacrum hits you but does no damage.
The very large slime creature barely misses you.
The meliai simulacrum hits you but does no damage. x2
Aiming: Thunderbolt
Press: ? - help, Q - select action, (/) - cycle Shift-Dir - straight line, f/p - very large slime creature
Aim: a very large slime creature (heavily wounded)
The thunderbolt hits the very large slime creature!
The very large slime creature is severely wounded.
You hear a bellow!
The meliai simulacrum hits you but does no damage.
You block the meliai simulacrum's attack.
A very large slime creature splits.
The meliai simulacrum barely misses you.
The meliai simulacrum hits you but does no damage.
The large slime creature hits you!
You die...

.......#..[ .......#...
###### .#######...
#....# #......... #....#
#.÷....... #(...+
#......... ##+##....#
#.........
..#...≈....#+##.........
..'...≈@J.$..........###
..#...#ZJ............#
#.. #≈.............# ##
#u.............#
..u...≈≈...##+#......#
......≈....+ #......#
.....≈≈....# #......#
.....≈≈..### #......#
...≈.≈≈...


You could see a purple ugly thing, a large slime creature, a slime creature and
a meliai simulacrum.

Vanquished Creatures
  A broodmother (D:12)
  A fire dragon (D:7)
  A two-headed ogre (D:12)
  2 ugly things
  A manticore (D:7)
  2 centaur zombies
  A kobold demonologist (D:11)
  A komodo dragon (D:12)
  A troll (D:9)
  2 hornets
  A centaur simulacrum (D:12)
  2 shadows (D:9)
  17 yaks
  A wraith (D:11)
  2 wyverns
  2 vampire mosquitoes (D:6)
  Grum (D:9)
  3 steam dragons
  A naga (D:9)
  A water moccasin (D:8)
  14 orc warriors
  3 ice beasts
  2 ogres
  3 necrophages
  2 wolves (D:9)
  5 centaurs
  A phantom (D:5)
  3 kobold brigands
  4 bullfrogs
  A wyvern zombie (D:8)
  A scorpion (D:6)
  A water moccasin skeleton (D:5)
  7 killer bees
  13 wights
  2 howler monkeys (D:10)
  A bullfrog zombie (D:6)
  2 jellies (D:7)
  5 orc priests
  2 bullfrog skeletons
  3 centaur skeletons
  A gnoll shaman (D:6)
  A hound (D:5)
  4 iguanas
  8 orc wizards
  A killer bee zombie (D:9)
  A hound skeleton (D:4)
  10 adders
  8 gnolls
  2 adder skeletons (D:4)
  A worm (D:4)
  6 dart slugs
  38 orcs
  6 ball pythons
  4 endoplasms
  2 giant cockroaches (D:1)
  16 goblins
  10 hobgoblins
  3 jackals (D:1)
  24 kobolds
  3 quokkas
  5 bats
  2 frilled lizards
  6 rats
281 creatures vanquished.

Notes
Turn   | Place    | Note
-------+----------+-------------------------------------------
     0 | D:1      | cbfl8 the Minotaur Berserker began the quest for the Orb.
     0 | D:1      | Reached XP level 1. HP: 19/19 MP: 0/0
   435 | D:1      | Reached XP level 2. HP: 24/27 MP: 1/1
   760 | D:1      | Reached skill level 4 in Axes
   962 | D:1      | Reached XP level 3. HP: 32/34 MP: 2/2
   962 | D:1      | Reached ** piety under Trog
  1545 | D:2      | Found a faded altar of an unknown god.
  2432 | D:2      | Reached XP level 4. HP: 41/41 MP: 3/3
  2554 | D:3      | Found a broken altar of Ashenzari.
  3108 | D:3      | Reached skill level 5 in Axes
  3108 | D:3      | Reached skill level 1 in Evocations
  3434 | D:4      | Found a large runed translucent door.
  3443 | D:4      | Found a large runed translucent door.
  3603 | D:4      | Reached XP level 5. HP: 47/47 MP: 4/4
  3990 | D:4      | Noticed a necrophage
  4004 | D:4      | Killed a necrophage
  4005 | D:4      | Reached skill level 5 in Fighting
  4005 | D:4      | Reached skill level 6 in Axes
  4005 | D:4      | Reached XP level 6. HP: 37/56 MP: 5/5
  4482 | D:4      | Reached *** piety under Trog
  4898 | D:4      | Found a shimmering blue altar of Sif Muna.
  4908 | D:4      | Found a blossoming altar of Fedhas.
  5060 | D:5      | Entered Level 5 of the Dungeon
  5069 | D:5      | Reached XP level 7. HP: 52/62 MP: 6/6
  5135 | D:5      | Found a transporter.
  5136 | D:5      | Identified the +5 quarterstaff "Osaog" {spect, rN+++ Str-2
                  | Int-4 Stlth+}
  5231 | D:5      | Found a transporter.
  5264 | D:5      | Reached skill level 7 in Axes
  5987 | D:6      | Reached skill level 8 in Axes
  5988 | D:6      | Reached XP level 8. HP: 38/70 MP: 7/7
  6674 | D:6      | Reached skill level 5 in Armour
  7178 | D:6      | Reached **** piety under Trog
  7179 | D:6      | Reached skill level 9 in Axes
  8419 | D:7      | Reached skill level 5 in Dodging
  8451 | D:7      | Found a flagged portal.
  8489 | Bailey   | Entered a bailey
  8531 | Bailey   | Reached XP level 9. HP: 18/79 MP: 8/8
  9216 | Bailey   | Reached skill level 10 in Axes
 10149 | D:7      | Reached skill level 11 in Axes
 10449 | D:7      | Reached XP level 10. HP: 90/90 MP: 9/9
 10961 | D:7      | Found a staircase to the Ecumenical Temple.
 11009 | D:7      | Noticed a four-headed hydra
 11009 | D:7      | Noticed a manticore
 11012 | D:7      | Noticed a red ugly thing
 11013 | D:7      | Noticed a fire dragon
 11013 | D:7      | a five-headed hydra changed into a fire dragon
 11017 | D:7      | Killed a fire dragon
 11019 | D:7      | Killed a manticore
 11020 | D:7      | Reached skill level 12 in Axes
 11030 | D:7      | Killed a red ugly thing
 11031 | D:7      | Reached skill level 1 in Stealth
 11031 | D:7      | Reached skill level 5 in Evocations
 11881 | D:8      | Found a glowing golden altar of the Shining One.
 11882 | D:8      | Found a glowing silver altar of Zin.
 12400 | D:8      | Found an ornate altar of the Wu Jian Council.
 12401 | D:8      | Found a sacrificial altar of Ru.
 12404 | D:8      | Found a stormy altar of Qazlal.
 12873 | D:9      | Found a staircase to the Lair.
 12940 | D:9      | Found an iron altar of Okawaru.
 12948 | D:9      | Noticed Grum
 12962 | D:9      | Killed Grum
 12967 | D:9      | Noticed Maurice
 12971 | D:9      | Noticed Maurice
 12974 | D:9      | Killed Maurice the naga
 13244 | D:9      | Reached skill level 1 in Shields
 13268 | D:9      | Identified the ring of Accord {Wiz rPois Int+7}
 13281 | D:9      | Reached skill level 13 in Axes
 13300 | D:9      | Reached XP level 11. HP: 48/97 MP: 10/10
 13918 | D:9      | Found a bloodstained altar of Trog.
 14159 | D:10     | Entered Level 10 of the Dungeon
 14317 | D:10     | You fall into a shaft and drop 3 floors!
 14338 | D:12     | Noticed a two-headed ogre
 14351 | D:12     | Killed a two-headed ogre
 14352 | D:12     | Reached skill level 10 in Fighting
 14394 | D:12     | Noticed a two-headed ogre
 14505 | D:11     | Found Senid's Armour Emporium.
 14797 | D:10     | Noticed a +0 hand axe
 14798 | D:10     | Noticed a +0 dagger
 14799 | D:10     | Found a hide-covered altar of Uskayaw.
 14806 | D:10     | Reached skill level 14 in Axes
 14846 | D:10     | Found a radiant altar of Vehumet.
 14943 | D:10     | Found a staircase to the Orcish Mines.
 14960 | D:10     | Reached ***** piety under Trog
 15549 | D:11     | Noticed a catoblepas
 15551 | D:11     | Noticed Renzlar's ghost (novice GnFi)
 15569 | D:11     | Found a transporter.
 15676 | D:11     | Found a transporter.
 15692 | D:11     | Noticed a sun demon
 15705 | D:11     | Noticed a sun demon
 16772 | D:11     | Bought a +0 pair of boots of rampaging for 161 gold pieces
 16900 | D:12     | Noticed a red ugly thing
 16905 | D:12     | Killed a red ugly thing
 16995 | D:12     | Noticed a four-headed hydra
 17001 | D:12     | Noticed a broodmother
 17001 | D:12     | a six-headed hydra changed into a broodmother
 17006 | D:12     | Noticed an orb spider
 17013 | D:12     | Killed a broodmother
 17014 | D:12     | Reached skill level 15 in Axes
 17577 | D:12     | Noticed a purple ugly thing
 17585 | D:12     | Slain by a large slime creature

Illustrated notes

Levels and vault maps discovered:
D:1:      dpeg_arrival_signposts, layout_basic
D:2:      minmay_door_path, layout_rooms, hellmonk_ecumenical_altar_prayer_group
D:3:      layout_rooms, mainiacjoe_overflow_chevrons
D:4:      layout_basic, jmf_multi_god_temple2
D:5:      gammafunk_wand_slinger, layout_basic
D:6:      layout_basic
D:7:      layout_cave_pools, minmay_temple_entry_enclosed_plants,
          enter_bailey_3, minmay_manual_mandibuliform
D:8:      layout_basic, gammafunk_temple_overflow_pools, minitemple
D:9:      layout_roguey, okawaru_trees_2, trog_book, dpeg_oklobed_lair,
          uniq_grum, uniq_maurice
D:10:     layout_basic, dancing_weapons_uskayaw, vehumet_altar_wand_db,
          david_orc_5
D:11:     layout_small_grid, serial_shops, nicolae_shop_hallway_plus,
          gammafunk_ghost_berserking_beasts, roderic_serpentine_path,
          ebering_dispersal_statue_hall
D:12:     layout_gridville, serial_ice, serial_ice_a, serial_ice_b,
          serial_ice_k, serial_ice_n, serial_ice_h, serial_ice_g, jiyva_altar_1
D:13:     layout_rooms, uniq_erolcha

Skill      XL: |  1  2  3  4  5  6  7  8  9 10 11 |
---------------+----------------------------------+-----
Fighting       | 4 5 6 7 8 9 10 | 10.6
Axes           | 4 5 6 8 9 11 13 15 | 15.2
Evocations     | 1 2 3 4 5 6 |  6.2
Dodging        | 3 4 5 6 7 8 |  8.4
Armour         | 3 4 5 7 8 |  8.2
Stealth        | 1 |  1.0
Shields        | 1 2 |  2.0

Action                   |  1- 3 |  4- 6 |  7- 9 | 10-12 || total
-------------------------+-------+-------+-------+-------++-------
Melee: Hand axe          |    77 |   134 |   170 |       ||   381
       Headbutt          |    10 |    28 |    52 |    70 ||   160
       Punch             |       |     1 |     1 |       ||     2
       War axe           |       |       |    27 |       ||    27
       Battleaxe         |       |       |    90 |   345 ||   435
Invok: Berserk           |     1 |       |     7 |     7 ||    15
Evoke: Wand              |       |       |     3 |     4 ||     7
       Lightning rod     |       |       |       |     2 ||     2
  Use: Scroll            |       |       |       |     6 ||     6
Armor: Animal skin       |     7 |     4 |       |       ||    11
       Chain mail        |       |    46 |    79 |       ||   125
       Plate armour      |       |       |   114 |   201 ||   315
Dodge: Dodged            |    44 |    50 |   152 |   147 ||   393
Block: Other             |       |       |       |    57 ||    57
       Reflection        |       |       |       |     5 ||     5
